Map: Golden Wall LE

Players

BlyOnFire (Bly)

  • Race: Zerg Zerg
  • Spawn Location: 5:00

Sarrel - Winner!

  • Race: Terran Terran
  • League: Master
  • Spawn Location: 7:00

VOD

Have the link to the VOD?

Description

Time

  • Played on: May 13, 2020, 9:43 a.m.
  • Length: 14:49
Show
View Real Time Build Order
Export as new Build Order

BlyOnFire Zerg 

Build Orders: Hatch First 

Get SALT Encoding   

  12  0:01  Drone  
  13  0:15  Overlord  
  13  0:17  Drone  
  14  0:33  Drone  
  14  0:34  Drone  
  16  0:49  Hatchery  
  15  0:52  Drone  
  15  0:55  Drone  
  17  0:59  Drone  
  18  1:08  Extractor  
  17  1:14  Spawning Pool  
  17  1:17  Drone  
  17  1:21  Drone  
  18  1:31  Drone  
  19  1:42  Drone  
  20  1:52  Overlord  
  20  2:02  Queen x2  
  20  2:03  Zergling x4  
  26  2:12  Drone  
  26  2:13  Metabolic Boost  
  26  2:14  Drone  
  28  2:22  Drone  
  29  2:24  Drone  
  29  2:39  Hatchery  
  29  2:42  Drone x2  
  30  2:50  Queen  
  32  2:55  Drone  
  33  2:58  Drone  
  33  3:02  Overlord  
  33  3:03  Zergling x2  
  34  3:13  Zergling x4  
  34  3:14  Overlord  
  36  3:21  Drone x3  
  38  3:28  Overlord  
  38  3:31  Spore Crawler  
  38  3:32  Drone x2  
  39  3:38  Drone x2  
  39  3:41  Drone  
  43  3:43  Lair  
  43  3:47  Drone  
  43  3:48  Drone  
  45  3:51  Drone x2  
  47  3:57  Drone x2  
  47  4:01  Drone x3  
  52  4:06  Drone  
  53  4:12  Queen  
  53  4:13  Queen  
  53  4:16  Zergling x2  
  58  4:21  Overlord  
  58  4:23  Overlord, Extractor  
  58  4:24  Extractor  
  56  4:29  Zergling x4  
  58  4:33  Drone x4  
  62  4:40  Overlord  
  62  4:43  Spore Crawler  
  62  4:44  Spore Crawler  
  60  4:46  Spire  
  60  4:47  Spore Crawler  
  58  4:53  Drone x4  
  58  4:57  Drone x3  
  58  4:59  Extractor  
  64  5:03  Drone x3  
  64  5:04  Drone  
  64  5:05  Overseer  
  68  5:09  Zergling x4  
  68  5:13  Spore Crawler  
  69  5:15  Zergling x4  
  71  5:24  Zergling x6  
  71  5:27  Drone x3  
  77  5:29  Roach Warren  
  71  5:45  Queen  
  71  5:46  Queen  
  65  5:53  Zergling x2  
  65  5:54  Zergling x10  
  71  6:03  Extractor  
  71  6:04  Mutalisk x5, Extractor  
  69  6:09  Mutalisk  
  81  6:29  Drone  
  81  6:30  Overlord x3  
  81  6:31  Overlord  
  74  6:50  Mutalisk x5  
  80  6:56  Mutalisk  
  80  6:58  Drone x7  
  87  7:13  Drone x5  
  87  7:14  Drone x4  
  94  7:25  Glial Reconstitution  
  92  7:37  Mutalisk x3  
  92  7:39  Hatchery  
  92  7:47  Drone x5  
  97  7:52  Evolution Chamber  
  93  8:14  Overlord, Roach x2  
  93  8:15  Overlord x4  
  91  8:20  Zerg Missile Weapons Level 1  
  91  8:25  Overseer  
  91  8:27  Mutalisk x3  
  91  8:28  Overlord  
  97  8:37  Overlord  
  97  8:38  Overlord  
  97  8:44  Roach x10  
  117  8:57  Roach  
  117  8:58  Roach x5  
  117  8:59  Tunneling Claws  
  129  9:02  Burrow  
  129  9:06  Hatchery  
  124  9:27  Roach x12  
  148  9:38  Mutalisk x5  
  150  9:45  Mutalisk x2  
  158  10:08  Roach  
  158  10:09  Roach x4  
  158  10:10  Overlord x5  
  168  10:26  Zerg Missile Weapons Level 2  
  168  10:28  Infestation Pit  
  168  10:30  Overlord  
  168  10:33  Roach x9  
  185  10:38  Drone  
  185  10:39  Roach x15  
  185  10:40  Drone x4  
  185  10:41  Drone  
  191  10:44  Drone x2  
  193  10:52  Extractor  
  193  10:54  Extractor  
  169  11:12  Roach x3  
  169  11:13  Ravager x12  
  177  11:28  Zergling x2  
  177  11:29  Zergling x36  
  182  11:57  Roach x5  
  182  11:58  Roach x4  
  192  12:12  Corruptor x7  
  192  12:13  Spine Crawler  
  197  12:15  Spine Crawler  
  188  12:33  Hive  
  188  12:35  Corruptor x2  
  192  12:43  Zerg Melee Weapons Level 1  
  192  12:47  Extractor, Spore Crawler  
  192  12:48  Infestor x2  
  194  12:53  Drone x6, Spine Crawler x2  
  195  13:02  Baneling Nest  
  181  13:24  Roach x10  
  174  13:33  Roach x13  
  151  14:13  Roach x13  
  151  14:14  Roach x2  
  138  14:26  Roach  
  138  14:27  Roach x3  
Show
View Real Time Build Order
Export as new Build Order

Sarrel Terran - Winner!

Build Orders: Hellion Opening, Reaper Expand 

Get SALT Encoding   

  12  0:02  SCV  
  13  0:14  SCV  
  13  0:18  Supply Depot  
  14  0:26  SCV  
  15  0:40  SCV  
  15  0:41  Barracks  
  16  0:44  Refinery  
  16  0:52  SCV  
  18  1:04  SCV  
  18  1:16  SCV  
  19  1:28  Reaper, Orbital Command  
  20  1:41  Command Center  
  20  1:50  Supply Depot  
  20  1:54  SCV  
  20  2:00  Marine  
  22  2:06  SCV  
  23  2:10  Factory  
  23  2:19  Refinery, SCV  
  23  2:21  Barracks Reactor  
  24  2:31  SCV  
  25  2:43  SCV  
  26  2:54  Orbital Command  
  26  2:55  SCV  
  27  3:00  Starport  
  27  3:06  Hellion x2  
  27  3:07  SCV  
  32  3:17  Supply Depot  
  32  3:19  SCV  
  33  3:20  SCV  
  34  3:28  Hellion x2  
  34  3:31  SCV  
  39  3:38  SCV  
  39  3:39  Fusion Core  
  39  3:44  Starport Tech Lab  
  39  3:46  SCV  
  40  3:49  Hellion x2  
  40  3:50  SCV  
  45  3:57  Supply Depot  
  45  3:58  SCV  
  45  4:02  SCV  
  47  4:10  SCV  
  47  4:14  SCV  
  49  4:20  Command Center  
  49  4:26  Battlecruiser  
  49  4:27  SCV  
  49  4:28  SCV  
  57  4:33  Supply Depot  
  57  4:36  Hellion  
  59  4:39  Hellion  
  59  4:42  SCV  
  62  4:47  Refinery  
  62  4:48  Refinery  
  62  4:54  Supply Depot  
  62  4:55  SCV x2  
  62  4:57  Hellion  
  66  5:01  Hellion  
  70  5:07  SCV x2  
  70  5:13  Supply Depot  
  70  5:19  SCV x2  
  72  5:22  Hellion  
  74  5:31  Hellion, SCV  
  74  5:32  Battlecruiser  
  74  5:35  SCV  
  80  5:44  Hellion  
  80  5:49  SCV  
  82  5:54  SCV, Factory x2  
  82  6:01  Hellion, SCV  
  85  6:06  SCV  
  85  6:09  Supply Depot  
  86  6:14  Weapon Refit, SCV  
  89  6:18  Hellion  
  89  6:19  SCV, Supply Depot  
  89  6:22  Hellion  
  92  6:26  SCV  
  92  6:31  SCV  
  92  6:32  SCV  
  95  6:38  SCV  
  94  6:43  SCV  
  94  6:45  Hellion  
  94  6:46  Factory Tech Lab  
  94  6:47  Factory Tech Lab  
  91  6:50  SCV, Armory  
  89  6:54  Battlecruiser  
  89  6:59  Engineering Bay  
  89  7:02  Orbital Command, SCV  
  89  7:03  SCV  
  89  7:07  Widow Mine x2  
  88  7:14  SCV  
  90  7:15  SCV  
  90  7:18  Refinery  
  90  7:19  Refinery  
  90  7:27  SCV x2, Missile Turret  
  90  7:28  Missile Turret  
  90  7:29  Missile Turret  
  86  7:33  SCV  
  86  7:37  Thor  
  86  7:38  Thor  
  86  7:44  Widow Mine x2  
  102  7:45  SCV  
  102  7:47  SCV  
  94  7:57  Missile Turret  
  94  7:58  Battlecruiser  
  100  8:00  Terran Vehicle Weapons Level 1, SCV, Supply Depot  
  100  8:01  SCV  
  98  8:06  SCV  
  98  8:08  Widow Mine  
  101  8:12  SCV  
  101  8:13  SCV  
  101  8:18  SCV  
  104  8:23  Infernal Pre-Igniter, Mag-Field Accelerator  
  104  8:27  Cyclone x2  
  104  8:30  SCV  
  104  8:31  Missile Turret  
  110  8:40  Missile Turret  
  110  8:42  Hellion, Factory x2  
  110  8:47  Supply Depot x2  
  112  8:48  Missile Turret  
  112  8:50  Neosteel Armor  
  112  8:59  Supply Depot  
  112  9:00  Cyclone  
  112  9:01  Supply Depot  
  115  9:07  Missile Turret  
  115  9:08  Cyclone  
  118  9:12  Battlecruiser  
  120  9:20  Hellion x2  
  124  9:26  Factory Tech Lab  
  124  9:27  Command Center  
  124  9:29  Factory Reactor  
  127  9:40  Siege Tank x2  
  127  9:41  Drilling Claws, SCV  
  127  9:44  SCV  
  127  9:45  SCV  
  133  9:47  Command Center  
  133  9:53  SCV  
  133  9:56  SCV  
  133  9:57  Cyclone, SCV  
  133  9:58  Hellion x2  
  143  10:05  SCV  
  144  10:08  Terran Vehicle Weapons Level 2, Supply Depot  
  144  10:09  Supply Depot  
  144  10:10  Supply Depot  
  144  10:11  Armory  
  144  10:12  Cyclone  
  147  10:15  Hellion  
  147  10:19  Sensor Tower  
  149  10:23  Supply Depot x2  
  149  10:26  Hellion  
  149  10:30  Cyclone, SCV x2  
  149  10:31  Hellion  
  156  10:35  Cyclone  
  156  10:37  Hellion x2  
  156  10:42  Command Center  
  163  10:49  Cyclone  
  168  10:50  Hellion  
  168  10:52  Hellion  
  168  10:55  SCV x3  
  173  11:02  Cyclone  
  170  11:07  SCV x3  
  170  11:08  Cyclone  
  170  11:10  Supply Depot  
  175  11:13  Missile Turret x2  
  175  11:17  Missile Turret  
  171  11:21  Cyclone  
  169  11:25  SCV  
  169  11:26  SCV  
  169  11:31  Planetary Fortress  
  168  11:33  Refinery  
  168  11:37  Planetary Fortress  
  166  11:41  Cyclone x2  
  166  11:43  SCV  
  165  11:47  Widow Mine x3  
  165  11:48  SCV  
  165  11:49  SCV  
  165  11:53  Cyclone  
  174  11:57  Factory  
  174  11:58  Factory  
  174  11:59  Factory  
  173  12:01  SCV  
  173  12:04  Hellion  
  173  12:06  SCV  
  166  12:13  Cyclone x2  
  166  12:18  Refinery  
  166  12:21  SCV  
  167  12:23  Missile Turret  
  167  12:24  Missile Turret  
  167  12:27  Cyclone, Hellion x2, SCV  
  175  12:32  Missile Turret  
  175  12:34  SCV  
  175  12:35  Command Center, Sensor Tower  
  175  12:36  Sensor Tower  
  176  12:41  Hellion x5  
  176  12:45  Cyclone x2  
  176  12:46  Factory Reactor, Factory Tech Lab x2  
  182  12:51  SCV  
  182  12:53  Command Center, Hellion x3  
  182  12:54  Hellion  
  191  12:59  Cyclone  
  192  13:08  Cyclone x2  
  196  13:17  Command Center  
  196  13:33  Cyclone x2  
  200  13:39  Starport  
  200  13:41  Starport  
  200  13:42  Starport  
  200  13:43  Starport  
  174  14:17  Cyclone  
  174  14:19  Starport Tech Lab x3  
  174  14:20  Starport Tech Lab  
  174  14:23  SCV  
  176  14:25  SCV  
  183  14:33  Refinery, SCV  
  183  14:37  Refinery  
  184  14:43  Missile Turret  
Tags
 
Add a new tag
Caveats
  • Supply blocks, unpowered buildings, or Contaminate may cause inaccurate times.
  • Supply counts are checked every 10 seconds.